cohdb
Replays
Latest Replays
All Replays
Popular Replays
Top Player Replays
Match Explorer
How It Works
Community
CoH3 Stats
Reddit
Sign in to upload your games and track your stats! →
Sign in with Steam
Match 44018962
Unlisted
Match 44018962
Overview
Messages
Build Orders
End
Construct Section Command Post
Selects Heavy Armor Battlegroup
ML 3-inch Mortar Team
Royal Engineer Section
Vickers Machine Gun Team
Construct Platoon Command Post
Infantry Section
ML 3-inch Mortar Team
Construct Field Infirmary
6-pounder Anti-tank Gun Team
6-pounder Anti-tank Gun Team
Unlock Bishop Self-propelled Artillery
Unlock M3 Stuart Light Tanks
M3 Stuart Light Tank
Infantry Section
Royal Engineer Section
Selects Rigorous Vehicle Training
Selects Light Vehicle Withdraw and Refit
Selects Radio Net
Bishop Self-propelled Artillery
6-pounder Anti-tank Gun Team
Infantry Section
=BIA=pastacontonnoo
I_Ryuk
Guderian ITA
Fajolada
0
0
Comments
sign in to comment!
No comments posted yet!